 Dungeon Crawl Stone Soup version 0.30-a0-137-gd8773701ce (webtiles) character file.

Game seed: 15699855914659521619

11 ragingrage the Thaumaturge (level 2, -1/16 (20) HPs)
             Began as a Gnoll Wanderer on Sept 23, 2022.
             Slain by a hobgoblin
             ... wielding a +2 short sword of draining
              (3 damage)
             ... on level 1 of the Dungeon.
             The game lasted 00:00:43 (331 turns).

ragingrage the Thaumaturge (Gnoll Wanderer)          Turns: 331, Time: 00:00:44

HP:   -1/16 (20)    AC:  3    Str: 12    XL:     2   Next: 25%
MP:   3/12          EV: 11    Int: 12    God:
Gold: 24            SH:  0    Dex:  9    Spells: 17/19 levels left

rFire   . . .      SeeInvis .    a - +0 spear
rCold   . . .      Faith    .    (no shield)
rNeg    . . .      Spirit   .    d - +0 robe
rPois   .          Reflect  .    (helmet currently unavailable)
rElec   .          Harm     .    b - +0 cloak
rCorr   .          Rampage  .    (no gloves)
Will    .....                    (boots currently unavailable)
Stlth   ++........               (no amulet)
HPRegen 0.05/turn                (no ring)
MPRegen 0.13/turn                (no ring)

@: appendages, heavily drained
A: horns 2, talons 2, fangs 1, strong nose, distributed training
a: End Transformation


You were on level 1 of the Dungeon.
You had temporarily grown beastly horns and talons.
You visited 1 branch of the dungeon, and saw 1 of its levels.

You collected 24 gold pieces.

Inventory:

Hand Weapons
 a - a +0 spear (weapon)
Armour
 b - a +0 cloak (worn)
 d - a +0 robe (worn)
Potions
 c - a potion of attraction


   Skills:
 + Level 0.3 Fighting
 + Level 0.3 Short Blades
 + Level 0.3 Long Blades
 + Level 0.3 Axes
 + Level 0.3 Maces & Flails
 + Level 2.4 Polearms
 + Level 0.3 Staves
 + Level 0.3 Ranged Weapons
 + Level 0.3 Throwing
 + Level 2.4 Armour
 + Level 0.3 Dodging
 + Level 4.0 Stealth
 + Level 0.3 Shields
 + Level 0.3 Unarmed Combat
 + Level 9.2 Spellcasting
 + Level 0.2 Conjurations
 + Level 0.2 Hexes
 + Level 0.2 Summonings
 + Level 0.2 Necromancy
 + Level 0.2 Translocations
 + Level 0.2 Transmutations
 + Level 0.2 Fire Magic
 + Level 0.2 Ice Magic
 + Level 0.2 Air Magic
 + Level 0.2 Earth Magic
 + Level 0.2 Poison Magic
 + Level 2.5 Invocations
 + Level 0.3 Evocations


You had 17 spell levels left.
You knew the following spells:

 Your Spells              Type           Power      Damage    Failure   Level
a - Beastly Appendage     Tmut           12%        N/A       12%         1
b - Shock                 Conj/Air       24%        1d4       12%         1

Your spell library contained the following spells:

 Spells                   Type           Power      Damage    Failure   Level
 Blink                    Tloc           12%        N/A       19%         2
 Teleport Other           Tloc           6%         N/A       34%         3


Dungeon Overview and Level Annotations

Branches:
Dungeon (1/15)

Altars:


Innate Abilities, Weirdness & Mutations

You have temporarily grown beastly horns and talons.
You have very sharp teeth.
Your uncanny sense of smell can sniff out nearby items.
Your experience applies equally to all skills.


Message History

The jackal barks!
Your kick misses the jackal. You bite the jackal.
The jackal is almost dead.
The jackal closely misses you.
You hit the jackal.
You kill the jackal!
Casting: Shock (safe; 12% risk of failure)
Confirm with . or Enter, or press ? or * to list all spells.
You extend your transformation's duration.
The hobgoblin hits you with a +2 short sword of draining.
You feel drained.
Unknown command.
Casting: Beastly Appendage (safe; 12% risk of failure)
Confirm with . or Enter, or press ? or * to list all spells.
You fail to extend your transformation any further.
The hobgoblin hits you with a +2 short sword of draining.
You feel drained.
An endoplasm comes into view.
Unknown command.
Casting: Beastly Appendage (safe; 12% risk of failure)
Confirm with . or Enter, or press ? or * to list all spells.
You extend your transformation's duration.
The endoplasm quivers.
The hobgoblin hits you with a +2 short sword of draining.
You feel drained.
Your magical contamination has completely faded away.
Okay, then.
As you read the scroll labelled KIVVOMAHIK, it crumbles to dust.
It is a scroll of amnesia.
Really abort (and waste the scroll)?
Okay, then.
The hobgoblin misses you.
As you read the scroll labelled YQONIS MILAAT, it crumbles to dust.
The creatures around you are filled with an inner flame!
It was a scroll of immolation.
The hobgoblin barely misses you.
You barely miss the hobgoblin.
The hobgoblin hits you with a +2 short sword of draining!
* * * LOW HITPOINT WARNING * * *
You feel drained.
You die...

#.##.##..
#.##.##.#
#.##.##.#
#.##.##.###.#..
#.##..........#
#.#####.###.##
#.# #
#.###J###.#
#..@gh....#
#####.##### ∆ #


You could see an endoplasm (inner flame), a jackal (inner flame) and a hobgoblin
(inner flame).

Vanquished Creatures
  A ball python (D:1)
  An endoplasm (D:1)
  A goblin (D:1)
  A hobgoblin (D:1)
  3 jackals (D:1)
  A frilled lizard (D:1)
  A rat (D:1)
9 creatures vanquished.

Notes
Turn   | Place    | Note
-------+----------+-------------------------------------------
     0 | D:1      | Reached skill level 9 in Spellcasting
     0 | D:1      | ragingrage the Gnoll Wanderer began the quest for the Orb.
     0 | D:1      | ragingrage set off with the following items: a +0 spear, a
                  | +0 cloak, a potion of attraction, a +0 robe; and the
                  | following spells available to memorise: Beastly Appendage,
                  | Shock, Blink, Teleport Other.
     0 | D:1      | Reached XP level 1. HP: 13/13 MP: 10/10
   178 | D:1      | Learned a level 1 spell: Beastly Appendage
   180 | D:1      | Learned a level 1 spell: Shock
   309 | D:1      | Reached XP level 2. HP: 19/19 MP: 7/12
   331 | D:1      | Slain by a hobgoblin

Illustrated notes

Levels and vault maps discovered:
D:1:      evilmike_arrival_plus, layout_loops_ring, serial_bayou_pond_d

Skill      XL: | |
---------------+-+-----
Spellcasting   | |  9.2
Fighting       | |  0.3
Short Blades   | |  0.3
Long Blades    | |  0.3
Axes           | |  0.3
Maces & Flails | |  0.3
Polearms       | |  2.4
Staves         | |  0.3
Ranged Weapons | |  0.3
Throwing       | |  0.3
Armour         | |  2.4
Dodging        | |  0.3
Stealth        | |  4.0
Shields        | |  0.3
Unarmed Combat | |  0.3
Conjurations   | |  0.2
Hexes          | |  0.2
Summonings     | |  0.2
Necromancy     | |  0.2
Translocations | |  0.2
Transmutations | |  0.2
Fire Magic     | |  0.2
Ice Magic      | |  0.2
Air Magic      | |  0.2
Earth Magic    | |  0.2
Poison Magic   | |  0.2
Invocations    | |  2.5
Evocations     | |  0.3

Action                   || total
-------------------------++-------
Melee: Spear             ||    32
       Bite              ||     3
       Kick              ||     3
 Cast: Shock             ||     6
       Beastly Appendage ||     6
  Use: Scroll            ||     2
 Stab: Sleeping          ||     1
Armor: Robe              ||     8
Dodge: Dodged            ||    13

Table legend: (Time is in decaauts)
 A = Elapsed time spent in this place.
 B = Non-inter-level travel time spent in this place.
 C = Inter-level travel time spent in this place.
 D = Time resting spent in this place.
 E = Time spent auto-exploring this place.
 F = Levels seen in this place.
 G = Mean time per level.
                   A        B        C        D        E       F      G
               +--------+--------+--------+--------+--------+-----+--------+
         Total |    330 |    330 |      0 |    138 |    121 |   1 |  330.0 |
       Dungeon |    330 |    330 |      0 |    138 |    121 |   1 |  330.0 |
               +--------+--------+--------+--------+--------+-----+--------+

Top non-repeatable levels by time:
     D:1: 330 daAuts
